 Dungeon Crawl Stone Soup version 0.23.2-1-ga50397a6bc (webtiles) character file.

Game seed: 5907368825978100263

1526 EvilAshe the Chopper (level 8, -5/74 HPs)
             Began as a Deep Dwarf Fighter on May 6, 2019.
             Was an Initiate of Makhleb.
             Slain by an orc warrior
             ... wielding a +0 trident
              (7 damage)
             ... in the Ecumenical Temple.
             The game lasted 00:22:36 (5547 turns).

EvilAshe the Chopper (Deep Dwarf Fighter)           Turns: 5547, Time: 00:22:37

Health: -5/74      AC: 17    Str: 22    XL:     8   Next: 54%
Magic:  8/8        EV:  5    Int:  9    God:    Makhleb [......]
Gold:   340        SH: 11    Dex: 17    Spells: 7/7 levels left

rFire    . . .     SeeInvis .   a - +1 war axe
rCold    . . .     Gourm    .   c - +0 shield
rNeg     . . .     Faith    .   l - +0 plate armour
rPois    .         Spirit   .   (no helmet)
rElec    .         Reflect  .   y - +1 cloak
rCorr    .         Harm     .   (no gloves)
MR       +....                  (no boots)
Stlth    ..........             (no amulet)
HPRegen  0.00/turn              w - +5 ring of dexterity
MPRegen  0.11/turn              p - +2 ring of protection

@: non-regenerating
A: damage resistance, heal wounds, sense surroundings 1, no regeneration
a: Heal Wounds, Renounce Religion


You were in the Ecumenical Temple.
You worshipped Makhleb.
Makhleb was noncommittal.
You were hungry.

You visited 2 branches of the dungeon, and saw 7 of its levels.
You also visited: Ossuary.

You collected 340 gold pieces.

Inventory:

Hand Weapons
 a - a +1 war axe (weapon)
 b - a +0 hunting sling
   (You found it on level 1 of the Dungeon)
Missiles
 g - 182 stones (quivered)
 k - 35 sling bullets
Armour
 c - a +0 shield (worn)
 l - a +0 plate armour (worn)
   (You found it on level 1 of the Dungeon)
 n - a +0 scale mail
 y - a +1 cloak (worn)
   (You found it on level 3 of the Dungeon)
Jewellery
 h - an uncursed ring of wizardry
   (You found it on level 1 of the Dungeon)
 p - a +2 ring of protection (right hand)
   (You found it on level 2 of the Dungeon)
 w - a +5 ring of dexterity (left hand)
   (You found it on level 3 of the Dungeon)
Scrolls
 f - a scroll of enchant armour
 i - a scroll of identify {@r1}
 j - 2 scrolls of teleportation {@r4}
 m - a scroll of fog {unknown}
 o - 6 scrolls of remove curse {@r2}
 u - a scroll of enchant weapon
 x - 2 scrolls of amnesia
 A - a scroll of fear
 F - a scroll of blinking {unknown}
Potions
 d - a potion of might
 q - a potion of heal wounds {unknown}
 r - 2 potions of invisibility
 s - a potion of brilliance {unknown}
 t - 3 potions of curing {@q1}
 z - 3 potions of lignification {!q}
 B - 2 potions of agility
 C - a potion of ambrosia {unknown}
 D - a potion of flight
 E - a potion of magic {unknown}
 G - a potion of haste {@q3}
Comestibles
 e - 11 rations {!d}


   Skills:
 + Level 5.1 Fighting
 * Level 7.7 Axes
 + Level 6.2 Armour
 + Level 6.1 Shields


You had 7 spell levels left.
You didn't know any spells.
Your spell library was empty.

Dungeon Overview and Level Annotations

Branches:
Dungeon (6/15)             Temple (1/1) D:6

Altars:
Ashenzari
Cheibriados
Dithmenos
Elyvilon
Fedhas
Gozag
Hepliaklqana
Kikubaaqudgha
Makhleb
Nemelex Xobeh
Okawaru
Qazlal
Ru
Sif Muna
Trog
Uskayaw
Wu Jian
Xom
Yredelemnul
Zin
The Shining One
Beogh

Annotations:
D:4 3 runed translucent doors, TheAraber's ghost, amateur VSTm


Innate Abilities, Weirdness & Mutations

You are resistant to damage.
You can heal yourself by infusing magical energy.
You passively map a small area around you.
You do not regenerate.


Message History

The orc shouts!
There is a staircase to the Ecumenical Temple here.
You block Edmund's attack.
You climb downwards.
Welcome back to the Ecumenical Temple!
Reactivating autopickup.
There is a staircase back to the Dungeon here.
You closely miss Edmund. Edmund hits you but does no damage.
You hit Edmund. Edmund barely misses you.
You slash Edmund!
Edmund says, "You wouldn't believe how much I paid for this flail."
Edmund hits you but does no damage.
You slash Edmund!
You kill Edmund!
Makhleb accepts your kill.
Things that are here:
a +1 flail of holy wrath; a +0 ring mail; the human corpse of Edmund You butcher the human corpse of Edmund.
v - a chunk of flesh
Things that are here:
a +1 flail of holy wrath; a +0 ring mail; the human skeleton of Edmund
There is a staircase back to the Dungeon here.
You start waiting.
Eating a chunk of flesh.
You eat the chunk of flesh.
You are feeling hungry.
You climb upwards.
Welcome back to the Dungeon!
The orc warrior completely misses you. The orc hits you but does no damage.
The orc warrior barely misses you.
There is a staircase to the Ecumenical Temple here.
The orc wizard mumbles some strange words.
The orc wizard flickers and vanishes!
Deactivating autopickup; reactivate with Ctrl-A.
The orc barely misses you.
The orc warrior hits you but does no damage.
You climb downwards.
Welcome back to the Ecumenical Temple!
Reactivating autopickup.
There is a staircase back to the Dungeon here.
Your shield and plate armour prevent you from hitting the orc.
You closely miss the orc warrior. You block the orc's attack.
The orc warrior hits you with a +0 trident!
* * * LOW HITPOINT WARNING * * *
You slice the orc!!
You kill the orc!
Makhleb accepts your kill.
You hit the orc warrior but do no damage.
The orc warrior hits you with a +0 trident!
* * * LOW HITPOINT WARNING * * *
You closely miss the orc warrior.
The orc warrior hits you with a +0 trident!
* * * LOW HITPOINT WARNING * * *
The orc warrior hits you from afar with a +0 trident!
You die...

..#...#..._...#..## ##...##
.#...#.........#..## ##..#..##
#...#..#...#....#..###..#.#..##
...#....#...#....#..#..#...#..##
⌠.#.∩._...8..._...#.⌠.#.._..#..##
...#....#...#....#.....#...#....#
#...#....#...#..#...#...#.#...#..
.#...#.........#...#.#...#...#.#.
..#...#..._...#[@.#...#.....#...#
_..#...#.....#.<[#.....#...#.._..
..#.....#...#..o#..._...#...#...#
.#...#...#.#...#.........#...#.#.
#...#.#...#...#..#...#....#...#..
...#...#.....#....#...#....#....#
..#.._..#.⌠.#..._...8..._...#.⌠##
#..#...#..#..#....#...#....#....#
##..#.#..###..#....#...#..#...#..


You could see an orc warrior.

Vanquished Creatures
  Edmund (Temple)
  An ice beast (D:5)
  A sky beast (D:5)
  2 ogres (D:6)
  A troll zombie (Ossuary)
  3 howler monkeys
  A jelly (D:6)
  2 crimson imps (D:6)
  A centaur zombie (Ossuary)
  A hound (D:5)
  2 human zombies (Ossuary)
  4 orc wizards
  A bullfrog skeleton (D:5)
  2 iguanas (D:5)
  2 worker ants
  A killer bee zombie (D:6)
  3 ogre zombies (Ossuary)
  A hound skeleton (D:6)
  7 mummies (Ossuary)
  A worker ant zombie (D:6)
  8 adders
  3 shadow imps
  An ooze (D:3)
  4 adder zombies (Ossuary)
  An adder skeleton (D:6)
  A worm (D:3)
  5 dart slugs
  5 leopard geckos
  7 orcs
  9 giant cockroaches
  6 goblins
  6 hobgoblins
  9 jackals
  2 quokkas
  4 ball pythons
  6 bats
  2 frilled lizards
  2 gnoll zombies (Ossuary)
  2 goblin zombies (Ossuary)
  3 hobgoblin zombies (Ossuary)
  5 kobolds
  4 kobold zombies (Ossuary)
  A quokka skeleton (D:4)
  3 quokka zombies (Ossuary)
  3 rats
  5 rat zombies (Ossuary)
145 creatures vanquished.

Notes
Turn   | Place    | Note
-------+----------+-------------------------------------------
     0 | D:1      | EvilAshe the Deep Dwarf Fighter began the quest for the
                  | Orb.
     0 | D:1      | Reached XP level 1. HP: 20/20 MP: 1/1
   333 | D:1      | Reached XP level 2. HP: 18/27 MP: 2/2
   907 | D:2      | Reached skill level 3 in Axes
   907 | D:2      | Reached XP level 3. HP: 21/34 MP: 3/3
  1161 | D:2      | Reached XP level 4. HP: 15/42 MP: 4/4
  1508 | D:2      | Found a blossoming altar of Fedhas.
  2036 | D:3      | Reached skill level 4 in Axes
  2069 | D:3      | Reached XP level 5. HP: 44/49 MP: 5/5
  2189 | D:3      | Found a hazy altar of Hepliaklqana.
  2221 | D:3      | Found a faded altar of an unknown god.
  2827 | D:4      | Identified the +8 spear of the Eternal Void {freeze, Dex+4}
  2827 | D:4      | Identified the +7 scale mail of the Castellan {Str+2 Int+6}
  2828 | D:4      | Noticed an orc warrior
  2849 | D:4      | Found a runed translucent gate.
  2863 | D:4      | Found a runed translucent gate.
  2912 | D:4      | Found a runed translucent gate.
  2934 | D:4      | You fall through a shaft!
  2934 | D:5      | Entered Level 5 of the Dungeon
  3068 | D:4      | Found a sand-covered staircase.
  3074 | Ossuary  | Entered an ossuary
  3191 | Ossuary  | Reached XP level 6. HP: 49/56 MP: 6/6
  3352 | Ossuary  | Reached skill level 5 in Axes
  3581 | Ossuary  | Reached XP level 7. HP: 37/64 MP: 7/7
  3867 | D:4      | Noticed TheAraber's ghost (amateur VSTm)
  3907 | D:4      | Found a roughly hewn altar of Beogh.
  3909 | D:4      | Identified the cursed +1 leather armour of Olerotoj {rF-
                  | Dex+7}
  4050 | D:5      | Reached skill level 5 in Armour
  4050 | D:5      | Reached skill level 5 in Shields
  4174 | D:5      | Reached skill level 6 in Axes
  4478 | D:5      | Found a deep blue altar of Sif Muna.
  4479 | D:5      | Found a shattered altar of Ashenzari.
  4480 | D:5      | Found a bloodstained altar of Trog.
  4700 | D:6      | Reached XP level 8. HP: 31/73 MP: 8/8
  4969 | D:6      | Reached skill level 7 in Axes
  5233 | D:6      | Found a staircase to the Ecumenical Temple.
  5249 | Temple   | Entered the Ecumenical Temple
  5413 | Temple   | Became a worshipper of Makhleb the Destroyer
  5435 | D:6      | Noticed Edmund
  5436 | D:6      | Reached skill level 5 in Fighting
  5466 | Temple   | Killed Edmund
  5546 | Temple   | HP: 2/74 [orc warrior/+0 trident (10)]
  5547 | Temple   | Slain by an orc warrior

Skill      XL: |  1  2  3  4  5  6  7  8 |
---------------+-------------------------+-----
Fighting       | 3 4 5 |  5.1
Axes           | 3 4 5 6 7 |  7.7
Shields        | 4 5 6 |  6.1
Armour         | 4 5 6 |  6.2

Action                   |  1- 3 |  4- 6 |  7- 9 || total
-------------------------+-------+-------+-------++-------
Melee: War axe           |   105 |   352 |   181 ||   638
 Fire: Hunting sling     |       |       |    21 ||    21
Throw: Stone             |    22 |    73 |     9 ||   104
 Abil: Heal Wounds       |       |     3 |     3 ||     6
  Use: Scroll            |       |       |    13 ||    13
  Eat: Chunk             |     1 |     6 |     2 ||     9
       Ration            |       |     1 |     1 ||     2
Armor: Scale mail        |    23 |       |       ||    23
       Plate armour      |    32 |   198 |    89 ||   319
Dodge: Dodged            |    28 |    52 |    25 ||   105
Block: Shield            |    56 |   138 |    70 ||   264
